 Dungeon Crawl Stone Soup version 0.31-a0-354-g827e0957a7 (console) character file.

Game seed: 7711105717218221480

4937 jejorda2 the Grappler (level 10, -5/112 (123) HPs)
             Began as a Gnoll Berserker on July 23, 2023.
             Was a Priest of Trog.
             Killed by vampiric draining
             ... invoked by a vampire
              (9 damage)
             ... on level 9 of the Dungeon on July 24, 2023.
             The game lasted 00:20:14 (7661 turns).

jejorda2 the Grappler (Gnoll Berserker)             Turns: 7661, Time: 00:20:15

HP:   -5/112 (123)  AC: 15    Str: 21    XL:     10   Next: 52%
MP:   18/18         EV:  8    Int:  5    God:    Trog [***...]
Gold: 486           SH:  0    Dex: 11    Spells: 19/19 levels left

rFire   + . .        a - +1 lajatang
rCold   + + .        (shield currently unavailable)
rNeg    . . .        i - +0 plate armour
rPois   .            e - +0 helmet
rElec   .            (no cloak)
rCorr   +            s - +0 pair of gloves
SInv    .            (no boots)
Will    .....        f - amulet of regeneration Stlth
                     h - ring "Igi Corgh" {rF+ rC++ Int-2}
HPRegen 1.18/turn    v - ring of resist corrosion
MPRegen 0.16/turn

%: no passive effects
@: berserking, drained, very quick
A: fangs 1, strong nose, distributed training
a: Renounce Religion, Berserk, Trog's Hand


You were on level 9 of the Dungeon.
You worshipped Trog.
Trog was most pleased with you.
You visited 1 branch of the dungeon, and saw 9 of its levels.
You also visited: Ossuary.

You collected 486 gold pieces.

Inventory:

Hand Weapons
 a - a +1 lajatang (weapon)
Missiles
 c - 6 curare-tipped darts
 k - 54 stones
 z - 13 poisoned darts
Armour
 e - a +0 helmet (worn)
 i - a +0 plate armour (worn)
 s - a +0 pair of gloves (worn)
Jewellery
 f - an amulet of regeneration (around neck)
 h - the ring "Igi Corgh" (left hand) {rF+ rC++ Int-2}
   (You found it on level 8 of the Dungeon)

   [ring of protection from fire]

   Int:       It affects your intelligence (-2).
   rF:        It protects you from fire.
   rC:        It greatly protects you from cold.
 l - a ring of protection from fire
 p - a ring of fire
 v - a ring of resist corrosion (right hand)
 w - a ring of positive energy
Scrolls
 b - 3 scrolls of revelation
 d - a scroll of blinking
 m - a scroll of fog
 n - a scroll of enchant weapon
 o - 2 scrolls of teleportation
 q - a scroll of immolation
 r - 3 scrolls of identify
 t - a scroll of poison
 y - 3 scrolls of butterflies
Potions
 g - a potion of heal wounds
 j - 2 potions of might
 u - a potion of enlightenment
 x - a potion of curing
 B - a potion of mutation


   Skills:
 + Level 8.6 Fighting
 + Level 5.4 Short Blades
 + Level 5.4 Long Blades
 + Level 5.4 Axes
 + Level 5.4 Maces & Flails
 + Level 5.4 Polearms
 + Level 5.4 Staves
 + Level 5.4 Ranged Weapons
 + Level 5.4 Throwing
 + Level 7.2 Armour
 + Level 7.2 Dodging
 + Level 5.4 Stealth
 + Level 5.4 Shields
 + Level 8.6 Unarmed Combat
 + Level 5.4 Spellcasting
 + Level 4.5 Conjurations
 + Level 4.5 Hexes
 + Level 4.5 Summonings
 + Level 4.5 Necromancy
 + Level 4.5 Translocations
 + Level 4.5 Transmutations
 + Level 4.5 Fire Magic
 + Level 4.5 Ice Magic
 + Level 4.5 Air Magic
 + Level 4.5 Earth Magic
 + Level 4.5 Poison Magic
 + Level 6.0 Invocations
 + Level 5.4 Evocations
 + Level 4.5 Shapeshifting


You had 19 spell levels left.
You didn't know any spells.
Your spell library was empty.

Dungeon Overview and Level Annotations

Branches:
Dungeon (9/15)             Temple (0/1) D:4         Ossuary (visited)
   Lair: D:8-11         Orc: D:9-12

Altars:
Ashenzari
Cheibriados
Elyvilon
Makhleb
Okawaru
Sif Muna
Trog
Wu Jian
Zin


Innate Abilities, Weirdness & Mutations

You have very sharp teeth.
Your uncanny sense of smell can sniff out nearby items.
Your experience applies equally to all skills.


Message History

You closely miss something.
You feel the effects of Trog's Hand fading.
Something hits you but does no damage. Something bites you but does no damage.
You slash something! Something hits you but does no damage.
Something bites you but does no damage.
You barely miss something. Something hits you. Something bites you.
Something draws strength from your injuries!
You closely miss something. Your bite misses something. Something hits you.
Something bites you!
Something draws strength from your injuries!
Something hits you. Something bites you!
Something draws strength from your injuries!
You miss something. Something hits you! Something bites you.
Something draws strength from your injuries!
You hit something but do no damage.
Your skin stops crawling.
You feel less strong-willed. Something hits you!
Something bites you but does no damage.
You miss something. Your bite misses something. Something hits you!
* * * LOW HITPOINT WARNING * * *
Something bites you.
* * * LOW HITPOINT WARNING * * *
Something draws strength from your injuries!
You barely miss something. Your bite misses something. Something hits you.
* * * LOW HITPOINT WARNING * * *
Something bites you but does no damage.
You closely miss something. Something hits you but does no damage.
Something bites you.
* * * LOW HITPOINT WARNING * * *
Something draws strength from your injuries!
You miss something. Something hits you.
* * * LOW HITPOINT WARNING * * *
Something bites you but does no damage.
A red film seems to cover your vision as you go berserk!
You feel yourself moving faster!
You feel mighty! Something hits you.
* * * LOW HITPOINT WARNING * * *
Something bites you.
* * * LOW HITPOINT WARNING * * *
Something draws strength from your injuries!
You slice something!! Something draws life force from you!
You die...

######### #########
#.......# #.#.....#
#...>...# #.#.#.###
#.......# #...#...#
#.......# #####.###.#
#...>...# #.'.#...#.#
#.......#####.#.#####.#
#.....{@'.....#.#...#.#
#.......#######.#.#.#.#
#.......# #.<.#...#
#####+### ###+######
#.y....# ######.#


There were no monsters in sight!

Vanquished Creatures
  A two-headed ogre (D:8)
  An unseen horror (D:6)
  Prince Ribbit (D:7)
  2 wyverns
  A wraith (D:9)
  Menkaure (D:4)
  A water moccasin (D:9)
  An orc warrior (D:8)
  A black bear (D:6)
  A sky beast (D:7)
  A centaur (D:8)
  2 ogres
  A phantom (D:6)
  2 kobold brigands
  2 bullfrogs (D:8)
  A gnoll sergeant (D:7)
  4 scorpions
  9 wights
  6 killer bees
  4 howler monkeys
  2 centaur zombies (Ossuary)
  2 jellies
  3 orc priests
  5 hounds
  A gnoll bouda (D:4)
  2 sleepcaps
  Terence (D:2)
  4 iguanas
  7 orc wizards
  5 mummies (Ossuary)
  9 gnolls
  10 adders
  3 white imps
  3 ufetubi
  3 worms
  27 orcs
  4 ball pythons
  4 bats
  4 endoplasms
  4 giant cockroaches
  10 goblins
  10 hobgoblins
  5 jackals
  5 quokkas
  2 frilled lizards
  8 hobgoblin zombies (Ossuary)
  11 kobolds
  4 rats
201 creatures vanquished.

Vanquished Creatures (others)
  An orc wizard (D:7)
1 creature vanquished.

Grand Total: 202 creatures vanquished

Notes
Turn   | Place    | Note
-------+----------+-------------------------------------------
     0 | D:1      | jejorda2 the Gnoll Berserker began the quest for the Orb.
     0 | D:1      | Reached XP level 1. HP: 23/23 MP: 1/1
    37 | D:1      | Reached XP level 2. HP: 18/29 MP: 2/2
   282 | D:1      | Reached XP level 3. HP: 35/35 MP: 3/3
   497 | D:1      | Reached ** piety under Trog
   527 | D:1      | Reached skill level 1 in Invocations
   855 | D:2      | Reached skill level 1 in Short Blades
   855 | D:2      | Reached skill level 1 in Long Blades
   855 | D:2      | Reached skill level 1 in Axes
   855 | D:2      | Reached skill level 1 in Maces & Flails
   855 | D:2      | Reached skill level 1 in Polearms
   855 | D:2      | Reached skill level 1 in Staves
   855 | D:2      | Reached skill level 1 in Ranged Weapons
   855 | D:2      | Reached skill level 1 in Throwing
   855 | D:2      | Reached skill level 1 in Stealth
   855 | D:2      | Reached skill level 1 in Shields
   855 | D:2      | Reached skill level 1 in Spellcasting
   855 | D:2      | Reached skill level 1 in Evocations
   923 | D:2      | Reached XP level 4. HP: 41/41 MP: 5/5
  1331 | D:2      | Noticed Terence
  1341 | D:2      | Killed Terence
  1342 | D:2      | Reached skill level 1 in Conjurations
  1342 | D:2      | Reached skill level 1 in Hexes
  1342 | D:2      | Reached skill level 1 in Summonings
  1342 | D:2      | Reached skill level 1 in Necromancy
  1342 | D:2      | Reached skill level 1 in Translocations
  1342 | D:2      | Reached skill level 1 in Transmutations
  1342 | D:2      | Reached skill level 1 in Fire Magic
  1342 | D:2      | Reached skill level 1 in Ice Magic
  1342 | D:2      | Reached skill level 1 in Air Magic
  1342 | D:2      | Reached skill level 1 in Earth Magic
  1342 | D:2      | Reached skill level 1 in Poison Magic
  1342 | D:2      | Reached skill level 1 in Shapeshifting
  1678 | D:3      | Found a glowing silver altar of Zin.
  1772 | D:3      | Reached XP level 5. HP: 47/47 MP: 5/7
  1804 | D:3      | You fall into a shaft and drop 3 floors!
  1817 | D:5      | Entered Level 5 of the Dungeon
  1901 | D:5      | Reached XP level 6. HP: 53/53 MP: 8/8
  1902 | D:5      | Reached skill level 5 in Armour
  1902 | D:5      | Reached skill level 5 in Dodging
  1950 | D:5      | Found a white marble altar of Elyvilon.
  2196 | D:4      | Found an iron altar of Okawaru.
  2283 | D:4      | Reached XP level 7. HP: 59/59 MP: 10/10
  3199 | D:4      | Found a staircase to the Ecumenical Temple.
  3543 | D:4      | Noticed Menkaure
  3546 | D:4      | Killed Menkaure
  3547 | D:4      | Reached XP level 8. HP: 67/67 MP: 12/12
  4088 | D:5      | Found a bloodstained altar of Trog.
  4339 | D:6      | Reached *** piety under Trog
  4787 | D:6      | Found a burning altar of Makhleb.
  4787 | D:6      | Noticed a balrug
  4790 | D:6      | Noticed a smoke demon
  4790 | D:6      | Noticed a smoke demon
  4934 | D:6      | Killed an unseen horror
  4935 | D:6      | Reached XP level 9. HP: 30/74 MP: 13/15
  5738 | D:7      | Noticed Prince Ribbit
  5768 | D:7      | Killed Prince Ribbit
  5769 | D:7      | Reached skill level 5 in Invocations
  5899 | D:7      | Found a snail-covered altar of Cheibriados.
  6235 | D:8      | Noticed a two-headed ogre
  6270 | D:8      | Found a broken altar of Ashenzari.
  6290 | D:8      | Found a sand-covered staircase.
  6328 | Ossuary  | Entered an ossuary
  6510 | D:8      | Found an ornate altar of the Wu Jian Council.
  6553 | D:8      | Reached XP level 10. HP: 71/80 MP: 17/17
  6670 | D:8      | Found a shimmering blue altar of Sif Muna.
  6720 | D:8      | Identified the ring "Igi Corgh" {rF+ rC++ Int-2}
  6807 | D:8      | Reached skill level 5 in Short Blades
  6807 | D:8      | Reached skill level 5 in Long Blades
  6807 | D:8      | Reached skill level 5 in Axes
  6807 | D:8      | Reached skill level 5 in Maces & Flails
  6807 | D:8      | Reached skill level 5 in Polearms
  6807 | D:8      | Reached skill level 5 in Staves
  6807 | D:8      | Reached skill level 5 in Ranged Weapons
  6807 | D:8      | Reached skill level 5 in Throwing
  6807 | D:8      | Reached skill level 5 in Stealth
  6807 | D:8      | Reached skill level 5 in Shields
  6807 | D:8      | Reached skill level 5 in Spellcasting
  6807 | D:8      | Reached skill level 5 in Evocations
  7259 | D:8      | Killed a two-headed ogre
  7660 | D:9      | HP: 5/112 [something (5)]
  7661 | D:9      | Killed from afar by a vampire

Illustrated notes

Levels and vault maps discovered:
D:1:      eino_arrival_tree_alley, layout_loops_ring
D:2:      layout_loops_cross, uniq_terence
D:3:      layout_basic, mainiacjoe_overflow_catwalk, dreamdust_princess_corridor
D:4:      layout_loops_ring, mainiacjoe_overflow_six_doors_small,
          minmay_temple_entry_mini_moons, uniq_menkaure
D:5:      minmay_spotlight, layout_basic, marbit_many_paths,
          lightli_temple_of_fire
D:6:      layout_cave_pods, makhleb_altar_promises_db
D:7:      layout_basic, cheibrodos_worm_habitat, uniq_prince_ribbit1
D:8:      layout_loops_corners, pdpol_wu_jian_five_deadly_venoms,
          nicolae_sif_muna_condensation, kennysheep_mini_moat,
          nicolae_ossuary_entry_ruins, grunt_tough_drop
D:9:      layout_roguey, mainiacjoe_overflow_paths, onia_ninara_cookie

Skill      XL: |  1  2  3  4  5  6  7  8  9 10 |
---------------+-------------------------------+-----
Invocations    | 1 2 3 4 5 6 |  6.0
Short Blades   | 1 2 4 5 |  5.4
Long Blades    | 1 2 4 5 |  5.4
Axes           | 1 2 4 5 |  5.4
Maces & Flails | 1 2 4 5 |  5.4
Polearms       | 1 2 4 5 |  5.4
Staves         | 1 2 4 5 |  5.4
Ranged Weapons | 1 2 4 5 |  5.4
Throwing       | 1 2 4 5 |  5.4
Stealth        | 1 2 4 5 |  5.4
Shields        | 1 2 4 5 |  5.4
Spellcasting   | 1 2 4 5 |  5.4
Evocations     | 1 2 4 5 |  5.4
Conjurations   | 1 2 3 4 |  4.5
Hexes          | 1 2 3 4 |  4.5
Summonings     | 1 2 3 4 |  4.5
Necromancy     | 1 2 3 4 |  4.5
Translocations | 1 2 3 4 |  4.5
Transmutations | 1 2 3 4 |  4.5
Fire Magic     | 1 2 3 4 |  4.5
Ice Magic      | 1 2 3 4 |  4.5
Air Magic      | 1 2 3 4 |  4.5
Earth Magic    | 1 2 3 4 |  4.5
Poison Magic   | 1 2 3 4 |  4.5
Shapeshifting  | 1 2 3 4 |  4.5
Armour         | 5 6 7 |  7.2
Dodging        | 5 6 7 |  7.2
Fighting       | 7 8 |  8.6
Unarmed Combat | 7 8 |  8.6

Action                     |  1- 3 |  4- 6 |  7- 9 | 10-12 || total
---------------------------+-------+-------+-------+-------++-------
  Melee: Unarmed           |    92 |    71 |       |       ||   163
         Bite              |     5 |    10 |    40 |    15 ||    70
         Punch             |     1 |     2 |       |       ||     3
         Lajatang          |       |    28 |   388 |   169 ||   585
  Throw: Dart              |       |       |     2 |    11 ||    13
 Invoke: Berserk           |     2 |     2 |     9 |     5 ||    18
         Trog's Hand       |       |       |     8 |     3 ||    11
    Use: Potion            |       |       |     5 |     1 ||     6
         Scroll            |       |       |    14 |     2 ||    16
   Stab: Sleeping          |     5 |       |       |       ||     5
 Armour: Animal skin       |    16 |     2 |       |       ||    18
         Ring mail         |       |    23 |       |       ||    23
         Chain mail        |       |    18 |   337 |    38 ||   393
         Plate armour      |       |       |       |   119 ||   119
  Dodge: Dodged            |    45 |    52 |   303 |    98 ||   498

Table legend: (Time is in decaauts)
 A = Elapsed time spent in this place.
 B = Non-inter-level travel time spent in this place.
 C = Inter-level travel time spent in this place.
 D = Time resting spent in this place.
 E = Time spent auto-exploring this place.
 F = Levels seen in this place.
 G = Mean time per level.
                   A        B        C        D        E       F      G
               +--------+--------+--------+--------+--------+-----+--------+
         Total |   7898 |   7634 |    264 |    444 |   5355 |  10 |  789.8 |
       Dungeon |   7739 |   7475 |    264 |    399 |   5304 |   9 |  859.9 |
       Ossuary |    159 |    159 |      0 |     44 |     51 |   1 |  159.0 |
               +--------+--------+--------+--------+--------+-----+--------+

Top non-repeatable levels by time:
     D:6: 1166 daAuts
     D:8: 1141 daAuts
     D:7: 1010 daAuts
     D:5: 959 daAuts
     D:3: 862 daAuts
     D:1: 831 daAuts
     D:2: 811 daAuts
     D:4: 750 daAuts
     D:9: 206 daAuts
 Ossuary: 159 daAuts
